 Dungeon Crawl Stone Soup version 0.30-a0-936-ge0d47acfc0 (webtiles) character file.

Game seed: 12437050868078379506

16528 Conn the Thaumaturge (level 12, -10/70 HPs)
             Began as an Octopode Fire Elementalist on Mar 24, 2023.
             Was a Believer of Sif Muna.
             Mangled by a large slime creature (31 damage)
             ... on level 12 of the Dungeon.
             The game lasted 00:38:33 (12330 turns).

Conn the Thaumaturge (Octopode Fire Elementalist)  Turns: 12330, Time: 00:38:34

Health: -10/70     AC:  1    Str:  8    XL:     12   Next: 38%
Magic:  0/36       EV: 13    Int: 22    God:    Sif Muna [**....]
Gold:   355        SH:  0    Dex: 12    Spells: 8/33 levels left

rFire   + . .      SeeInvis +    b - staff of conjuration
rCold   . . .      Faith    .    m - +1 buckler {reflect}
rNeg    + . .      Spirit   +    (helmet restricted)
rPois   +          Reflect  +    C - amulet of guardian spirit
rElec   .          Rampage  .    v - ring of protection from fire
rCorr   .                        B - ring of positive energy
Will    .....                    H - ring of poison resistance
Stlth   ++                       L - ring of magical power
HPRegen 0.31/turn                h - ring of see invisible
MPRegen 0.25/turn                (no ring)
                                 (no ring)
                                 (no ring)

@: confused, ambrosia-drunk
A: almost no armour, amphibious, 8 rings, camouflage 1, gelatinous body 1,
(nimble swimmer 1), tentacles
a: Renounce Religion, Channel Magic


You were on level 12 of the Dungeon.
You worshipped Sif Muna.
Sif Muna was pleased with you.
You visited 2 branches of the dungeon, and saw 13 of its levels.

You collected 739 gold pieces.
You spent 384 gold pieces at shops.

Inventory:

Hand Weapons
 a - a +6 dagger of protection
Missiles
 g - 3 curare-tipped darts (quivered)
Armour
 m - a +1 buckler of reflection (worn)
 A - the orb of Hoagal {guile, rElec}
   (You found it on level 4 of the Dungeon)

   rElec:     It insulates you from electricity.
Magical Staves
 b - a staff of conjuration (weapon)
 y - a staff of poison
Jewellery
 h - a ring of see invisible (on tentacle)
 v - a ring of protection from fire (left tentacle)
 B - a ring of positive energy (right tentacle)
 C - an amulet of guardian spirit (around mantle)
 H - a ring of poison resistance (on tentacle)
 L - a ring of magical power (on tentacle)
Wands
 c - a wand of charming (6)
 q - a wand of polymorph (44)
 t - a wand of digging (4)
 D - a wand of light (15)
 G - a wand of flame (27)
 M - a wand of roots (18)
Scrolls
 d - 2 scrolls of amnesia
 j - 6 scrolls of teleportation
 n - 6 scrolls of immolation
 p - 2 scrolls of enchant weapon
 s - a scroll of magic mapping
 u - a scroll of poison
 I - 2 scrolls of enchant armour
Potions
 e - 2 potions of mutation
 f - 2 potions of brilliance
 i - 3 potions of curing
 k - a potion of attraction
 l - 2 potions of haste
 o - a potion of ambrosia
 r - 2 potions of might
 E - a potion of resistance
 K - 3 potions of heal wounds {unknown}


   Skills:
 + Level 2.1 Fighting
 + Level 1.0 Short Blades
 + Level 0.2 Staves
 + Level 3.4 Dodging
 + Level 6.4 Stealth
 + Level 11.4 Spellcasting
 + Level 9.1 Conjurations
 + Level 2.6 Hexes
 * Level 3.8 Summonings
 + Level 10.5 Fire Magic
 * Level 3.4 Ice Magic
 * Level 3.8 Invocations
 + Level 0.2 Evocations


You had 8 spell levels left.
You knew the following spells:

 Your Spells              Type           Power      Damage    Failure   Level
a - Foxfire               Conj/Fire      100%       2x1d9     1%          1
b - Summon Guardian Gole  Hex/Summ       27%        N/A       5%          3
c - Inner Flame           Hex/Fire       41%        N/A       1%          3
d - Flame Wave            Conj/Fire      70%        2d16      1%          4
e - Scorch                Fire           100%       2d10      1%          2
f - Call Canine Familiar  Summ           29%        N/A       4%          3
g - Ozocubu's Armour      Ice            27%        N/A       4%          3
h - Summon Cactus Giant   Summ           14%        N/A       92%         6

Your spell library contained the following spells:

 Spells                   Type           Power      Damage    Failure   Level
 Kiss of Death            Conj/Necr      100%       2d13      1%          1
 Magic Dart               Conj           100%       1d8       1%          1
 Summon Small Mammal      Summ           100%       N/A       1%          1
 Searing Ray              Conj           100%       2d8       1%          2
 Dazzling Flash           Conj/Hex       100%       N/A       1%          3
 Kindle Blastsparks       Fire/Tloc/Air  56%        2d14      4%          3
 Fulminant Prism          Conj/Hex       27%        3d14      6%          4
 Lesser Beckoning         Tloc           24%        N/A       11%         2
 Iskenderun's Mystic Bla  Conj/Tloc      48%        2d11      11%         4
 Portal Projectile        Hex/Tloc       36%        N/A       12%         3
 Starburst                Conj/Fire      35%        6d10      19%         6
 Gell's Gravitas          Tloc           12%        N/A       22%         3
 Teleport Other           Tloc           12%        N/A       22%         3
 Anguish                  Hex/Necr       9%         N/A       38%         4
 Leda's Liquefaction      Hex/Erth       9%         N/A       38%         4
 Animate Dead             Necr           12%        N/A       56%         4
 Borgnjor's Vile Clutch   Necr/Erth      6%         N/A       89%         5
 Spellforged Servitor     Conj/Summ      29%        N/A       99%         7
 Haunt                    Necr/Summ      10%        N/A       100%        7
 Ozocubu's Refrigeration  Ice            13%        4d10      100%        7
 Infestation              Necr           6%         N/A       100%        8


Dungeon Overview and Level Annotations

Branches:
Dungeon (12/15)            Temple (1/1) D:7
   Lair: D:8-11         Orc: D:9-12

Altars:
Ashenzari
Cheibriados
Dithmenos
Elyvilon
Fedhas
Gozag
Hepliaklqana
Kikubaaqudgha
Makhleb
Nemelex Xobeh
Okawaru
Qazlal
Ru
Sif Muna
Uskayaw
Vehumet
Wu Jian
Xom
Yredelemnul
Zin
The Shining One

Shops:
D:8 *   D:11 =(:=[


Innate Abilities, Weirdness & Mutations

You cannot wear most types of armour.
You are amphibious.
You can wear up to eight rings at the same time.
Your skin changes colour to match your surroundings (Stealth+).
Your rubbery body absorbs attacks. (AC +1, EV +1)
((You are camouflaged when in or above water. (Stealth+)))
You have tentacles for arms and can constrict up to eight enemies at once.


Message History

A wave of flame ripples out!
The flame wave engulfs the slime creature.
The slime creature is lightly wounded.
The flame wave engulfs the slime creature!!
The slime creature is burned terribly!
The slime creature is almost dead.
The slime creature barely misses you. The slime creature hits you!
Without enough magic to sustain them, the waves of flame dissipate.
The slime creature hits you. The slime creature closely misses you.
Unknown command.
The slime creature closely misses you.
The slime creature attacks as you move away!
The slime creature hits you!
* * * LOW HITPOINT WARNING * * *
Two slime creatures merge to form a large slime creature.
Casting: Flame Wave (dangerous; 1% risk of failure)
Confirm with . or Enter, or press ? or * to list all spells.
Okay, then.
Unknown command.
Unknown command.
Okay, then.
Unknown command.
Okay, then.
Press: ? - help, v - describe, . - travel
Here: a large slime creature (heavily wounded, more vulnerable to fire)
The floor.
Unknown command.
Unknown command.
Okay, then.
It was a potion of ambrosia.
You are confused.
You feel invigorated.
You bump into the rock wall.
The large slime creature hits you!
* * * LOW HITPOINT WARNING * * *
You bump into the rock wall.
The large slime creature is no longer more vulnerable to fire.
The large slime creature hits you!
* * * LOW HITPOINT WARNING * * *
You bump into the rock wall.
The large slime creature hits you!!!
You die...

..# ..# ..#
#.#.# #.#.#
#.#.# #.#.#
#.#@#
######.#J#
.........##
#####.<..#
#..............
(####.$...#####
#..#### #.# #.


You could see a large slime creature.

Vanquished Creatures
  A centaur warrior (D:9)
  2 two-headed ogres (D:10)
  2 deep elf pyromancers (D:9)
  An ugly thing (D:9)
  A cyclops (D:9)
  A troll (D:9)
  A hornet (D:7)
  A slime creature (D:12)
  Prince Ribbit (D:6)
  2 wraiths (D:10)
  10 yaks
  2 vampire mosquitoes (D:10)
  4 water moccasins
  2 sky beasts
  2 ice beasts
  6 orc warriors
  A boggart (D:9)
  2 ogres
  9 centaurs
  A phantom (D:5)
  3 bullfrogs
  2 kobold brigands
  A gnoll sergeant (D:10)
  2 scorpions
  9 wights
  5 howler monkeys (D:11)
  2 vampire bats (D:10)
  A jelly (D:8)
  9 crimson imps
  4 orc priests
  3 hounds (D:5)
  4 iguanas
  11 orc wizards
  9 gnolls
  A river rat (D:3)
  5 adders
  4 white imps
  A worm (D:8)
  5 dart slugs
  31 orcs
  2 bat skeletons (D:10)
  3 bat zombies (D:10)
  4 endoplasms
  4 giant cockroaches
  6 goblins
  10 hobgoblins
  5 quokkas
  9 ball pythons
  A bat (D:2)
  6 frilled lizards
  15 kobolds
  7 rats
236 creatures vanquished.

Vanquished Creatures (others)
  The ghost of
  112233 the Fighter, a novice DsFi of Sif Muna (D:9)
  3 spectral centaurs (D:9)
  A centaur simulacrum (D:9)
  606 foxfires
611 creatures vanquished.

Grand Total: 847 creatures vanquished

Notes
Turn   | Place    | Note
-------+----------+-------------------------------------------
     0 | D:1      | Conn the Octopode Fire Elementalist began the quest for the
                  | Orb.
     0 | D:1      | Reached XP level 1. HP: 11/11 MP: 3/3
   143 | D:1      | Found a faded altar of an unknown god.
   250 | D:1      | Reached XP level 2. HP: 17/17 MP: 0/5
   751 | D:1      | Reached XP level 3. HP: 21/21 MP: 3/6
   938 | D:1      | Learned a level 2 spell: Scorch
   942 | D:1      | Learned a level 3 spell: Inner Flame
  2021 | D:2      | Reached XP level 4. HP: 27/27 MP: 3/7
  2550 | D:3      | Reached XP level 5. HP: 15/32 MP: 0/9
  2926 | D:3      | Found a burning altar of Makhleb.
  2928 | D:3      | Found a shimmering altar of Xom.
  2980 | D:3      | Reached XP level 6. HP: 37/37 MP: 7/10
  3056 | D:3      | Found an iron altar of Okawaru.
  3163 | D:3      | Found a sacrificial altar of Ru.
  3583 | D:4      | Reached skill level 1 in Fighting
  3583 | D:4      | Reached skill level 3 in Spellcasting
  4007 | D:4      | Noticed an orc warrior
  4017 | D:4      | Reached skill level 5 in Fire Magic
  4017 | D:4      | Reached XP level 7. HP: 39/43 MP: 1/12
  4249 | D:4      | Identified the orb of Hoagal {guile, rElec}
  4405 | D:5      | Entered Level 5 of the Dungeon
  4445 | D:5      | Found a glowing golden altar of the Shining One.
  4477 | D:5      | Reached skill level 1 in Short Blades
  4594 | D:5      | Reached skill level 4 in Spellcasting
  4884 | D:5      | Reached XP level 8. HP: 16/48 MP: 5/14
  5004 | D:5      | Found a broken altar of Ashenzari.
  5306 | D:5      | Reached skill level 5 in Spellcasting
  5542 | D:6      | Noticed Prince Ribbit
  5548 | D:6      | Killed Prince Ribbit
  5549 | D:6      | Reached skill level 5 in Stealth
  6000 | D:6      | Reached skill level 6 in Spellcasting
  6086 | D:6      | Reached XP level 9. HP: 47/53 MP: 7/18
  6551 | D:7      | Identified the +2 ring mail of the Evening {Stlth+}
  6766 | D:7      | Reached skill level 1 in Hexes
  6771 | D:7      | Found an opulent altar of Gozag.
  6771 | D:7      | Found a white marble altar of Elyvilon.
  6773 | D:7      | Found a hazy altar of Hepliaklqana.
  7133 | D:7      | Reached skill level 7 in Spellcasting
  7367 | D:7      | Noticed a hornet
  7381 | D:7      | Killed a hornet
  7693 | D:7      | Found a staircase to the Ecumenical Temple.
  7702 | Temple   | Entered the Ecumenical Temple
  7750 | Temple   | Became a worshipper of Sif Muna the Loreminder
  7935 | D:8      | Found a radiant altar of Vehumet.
  7946 | D:8      | Reached XP level 10. HP: 60/60 MP: 21/21
  7946 | D:8      | Identified the +6 sling of the Eel {speed, Str+3 Int-5
                  | Dex+3}
  7951 | D:8      | Reached skill level 5 in Conjurations
  8092 | D:8      | Found a shadowy altar of Dithmenos.
  8156 | D:8      | Found Dosorch's Assorted Antiques.
  8239 | D:8      | Found a snail-covered altar of Cheibriados.
  8462 | D:8      | Identified the +3 longbow of Keeg {heavy, Str+2}
  8731 | D:8      | Reached skill level 10 in Spellcasting
  8731 | D:8      | Reached XP level 11. HP: 64/64 MP: 25/25
  8737 | D:8      | Learned a level 4 spell: Flame Wave
  8741 | D:8      | Learned a level 3 spell: Summon Guardian Golem
  8745 | D:8      | Learned a level 3 spell: Call Canine Familiar
  8749 | D:8      | Learned a level 3 spell: Ozocubu's Armour
  8756 | D:8      | Learned a level 6 spell: Summon Cactus Giant
  9065 | D:9      | Noticed a deep elf pyromancer
  9071 | D:9      | Killed a deep elf pyromancer
  9112 | D:9      | Noticed a cyclops
  9117 | D:9      | Killed a cyclops
  9118 | D:9      | Reached skill level 1 in Invocations
  9125 | D:9      | Reached * piety under Sif Muna
  9126 | D:9      | Noticed a centaur warrior
  9422 | D:9      | Reached skill level 1 in Ice Magic
  9890 | D:9      | Reached skill level 1 in Summonings
 10014 | D:9      | Got Sif Muna's Spellbook of the Cooperative Cemetery
 10033 | D:9      | Found a runed translucent gate.
 10033 | D:9      | Found a runed translucent gate.
 10034 | D:9      | Found a runed translucent gate.
 10036 | D:9      | Noticed 112233's ghost (novice DsFi)
 10060 | D:9      | Killed 112233's ghost
 10273 | D:9      | Noticed a deep elf pyromancer
 10278 | D:9      | Killed a deep elf pyromancer
 10279 | D:9      | Reached skill level 10 in Fire Magic
 10301 | D:9      | Noticed a brown ugly thing
 10314 | D:9      | Killed a brown ugly thing
 10445 | D:9      | Killed a centaur warrior
 10446 | D:9      | Reached skill level 11 in Spellcasting
 10882 | D:10     | Entered Level 10 of the Dungeon
 10882 | D:10     | Noticed a two-headed ogre
 10907 | D:10     | Noticed a two-headed ogre
 10912 | D:10     | Killed a two-headed ogre
 10913 | D:10     | Reached XP level 12. HP: 59/70 MP: 16/27
 10923 | D:10     | Killed a two-headed ogre
 11216 | D:10     | Found a stormy altar of Qazlal.
 11521 | D:10     | Reached ** piety under Sif Muna
 11718 | D:10     | Found an ancient bone altar of Kikubaaqudgha.
 11769 | D:11     | Found Ajeidej's Book Shop.
 11774 | D:11     | Bought a book of Spectacle for 384 gold pieces
 11988 | D:11     | Found Agueh's Jewellery Shop.
 12005 | D:11     | Found Kusugi's Weapon Shoppe.
 12287 | D:11     | Found Ile Sev's Antique Armour Emporium.
 12291 | D:11     | Found Xioroy Weqi's Jewellery Emporium.
 12330 | D:12     | Mangled by a large slime creature

Illustrated notes

Levels and vault maps discovered:
D:1:      dpeg_arrival_round_a, layout_basic, basic_ecumenical_altar,
          minivault_24
D:2:      layout_loops_cross, minmay_joined_circles
D:3:      layout_basic, grunt_temple_overflow_champion_of_chaos,
          hellmonk_okawaru_the_only_friend_you_need, nicolae_ru_path_of_blood
D:4:      layout_rooms
D:5:      layout_basic, lemuel_doored_altar, overflow_temple_1_default,
          serial_rivers, chequers_serial_rivers_large_a,
          chequers_serial_rivers_small_b, chequers_serial_rivers_room_a,
          chequers_serial_rivers_small_b, chequers_serial_rivers_micro_c,
          chequers_serial_rivers_micro_d
D:6:      layout_basic, uniq_prince_ribbit1
D:7:      layout_gridville, nicolae_overflow_hidden_temple,
          lemuel_temple_firewalk_b
D:8:      layout_basic, chei_slow_surprise, nicolae_dithmenos_shadow_blocks,
          vehumet_crystals, serial_shops,
          nicolae_shop_competitors_out_of_business, minmay_nine_imps
D:9:      layout_basic, gammafunk_ghost_necromancy, minmay_evil_grid
D:10:     layout_cave_pools, kennysheep_vampire_church,
          nicolae_qazlal_eye_of_the_storm
D:11:     layout_basic, lair_entry_dummy, serial_shops, shop_statue,
          kennysheep_little_box, shop, nicolae_shop_trees,
          nicolae_shop_bloodbath_and_beyond
D:12:     layout_loops_ring, orc_0_dummy, serial_shops,
          nicolae_shop_temple_entry_statues_fountains, kennysheep_generic_room_4
Temple:   nicolae_temple_godpark

Skill      XL: |  1  2  3  4  5  6  7  8  9 10 11 12 |
---------------+-------------------------------------+-----
Stealth        | 3 4 5 6 |  6.4
Conjurations   | 2 3 4 8 9 |  9.1
Fire Magic     | 4 5 7 9 10 | 10.5
Fighting       | 1 2 |  2.1
Spellcasting   | 3 4 6 7 10 11 | 11.4
Short Blades   | 1 |  1.0
Hexes          | 1 2 |  2.6
Dodging        | 3 |  3.4
Invocations    | 2 3 |  3.8
Ice Magic      | 3 |  3.4
Summonings     | 3 |  3.8
Staves         | |  0.2
Evocations     | |  0.2

Action                     |  1- 3 |  4- 6 |  7- 9 | 10-12 || total
---------------------------+-------+-------+-------+-------++-------
  Melee: Unarmed           |    10 |       |       |       ||    10
         Tentacles         |    12 |    15 |     8 |    20 ||    55
         Constrict         |    11 |    12 |    11 |    16 ||    50
         Short sword       |     4 |       |       |       ||     4
         Staff             |     7 |    12 |    32 |     5 ||    56
         Dagger            |     7 |    19 |     9 |    70 ||   105
         Punch             |     1 |       |       |     1 ||     2
   Cast: Foxfire           |    73 |    60 |   132 |    87 ||   352
         Scorch            |       |    11 |    37 |    52 ||   100
         Inner Flame       |       |     1 |    13 |    16 ||    30
         Summon Guardian G |       |       |       |     7 ||     7
         Flame Wave        |       |       |       |    13 ||    13
         Ozocubu's Armour  |       |       |       |     2 ||     2
         Call Canine Famil |       |       |       |     1 ||     1
  Evoke: Wand              |       |     1 |       |       ||     1
    Use: Scroll            |       |       |     1 |    25 ||    26
         Potion            |       |       |       |    10 ||    10
   Stab: Sleeping          |     4 |     1 |     3 |     9 ||    17
 Armour: Skin              |     5 |     7 |     7 |    43 ||    62
  Dodge: Dodged            |    15 |    21 |    47 |    88 ||   171
  Block: Buckler           |       |       |       |     5 ||     5

Table legend: (Time is in decaauts)
 A = Elapsed time spent in this place.
 B = Non-inter-level travel time spent in this place.
 C = Inter-level travel time spent in this place.
 D = Time resting spent in this place.
 E = Time spent auto-exploring this place.
 F = Levels seen in this place.
 G = Mean time per level.
                   A        B        C        D        E       F      G
               +--------+--------+--------+--------+--------+-----+--------+
         Total |  12352 |  12084 |    268 |    324 |   9078 |  13 |  950.2 |
       Dungeon |  12290 |  12035 |    255 |    324 |   9039 |  12 | 1024.2 |
        Temple |     61 |     48 |     13 |      0 |     39 |   1 |   61.0 |
               +--------+--------+--------+--------+--------+-----+--------+

Top non-repeatable levels by time:
     D:9: 1716 daAuts
     D:7: 1501 daAuts
     D:1: 1349 daAuts
     D:8: 1254 daAuts
     D:3: 1239 daAuts
     D:2: 1109 daAuts
     D:5: 1070 daAuts
     D:6: 889 daAuts
    D:10: 885 daAuts
     D:4: 709 daAuts
    D:11: 540 daAuts
  Temple: 61 daAuts
    D:12: 24 daAuts
